 Dungeon Crawl Stone Soup version 0.26-a0-1132-ge9770dfcb6 (webtiles) character file.

Game seed: 7909954655238983797

11021 sahdkjhfkaj the Cleaver (level 11, -1/162 HPs)
             Began as a Minotaur Gladiator on Dec 20, 2020.
             Was a Plaything of Xom.
             Shot with an arrow by a centaur warrior (18 damage)
             ... on level 9 of the Dungeon.
             The game lasted 00:11:11 (9870 turns).

sahdkjhfkaj the Cleaver (Minotaur Gladiator)        Turns: 9870, Time: 00:11:11

Health: -1/162     AC: 29    Str: 19 (21) XL:     11   Next: 43%
Magic:  0/11       EV:  2    Int:  8 (9)  God:    Xom [......]
Gold:   1713       SH:  0    Dex:  9 (11) Spells: 10/10 levels left

rFire    . . .     SeeInvis +   a - +0 war axe (vorpal)
rCold    . . .     Faith    .   (no shield)
rNeg     + + +     Spirit   .   (armour currently unavailable)
rPois    +         Reflect  .   (helmet unavailable)
rElec    .         Harm     .   (cloak currently unavailable)
rCorr    .         Rampage  .   (gloves currently unavailable)
Will     .....     NoTele   +   (boots currently unavailable)
Stlth    ++........             m - amulet of Beodu {Acrobat Stlth+}
HPRegen  0.37/turn              h - +4 ring of protection
MPRegen  0.12/turn              y - ring of see invisible

@: tree-form, hasted, very quick
A: (retaliatory headbutt), clever 2, high mp 1, sense surroundings 1, robust 1,
weak 1, MP-powered wands
a: Renounce Religion


You were on level 9 of the Dungeon.
You worshipped Xom.
You were a very special plaything of Xom.
You were a tree.
You visited 1 branch of the dungeon, and saw 9 of its levels.
You also visited: Ossuary.

You collected 1713 gold pieces.

Inventory:

Hand Weapons
 a - a +0 vorpal war axe (weapon)
Missiles
 d - 3 throwing nets (quivered) {!f}
Armour
 z - the +5 chain mail of the Realm of Zot (melded) {*Contam +Blink rCorr Int-5}
   (You found it on level 7 of the Dungeon)

   It affects your intelligence (-5).
   It lets you blink.
   It causes magical contamination when unequipped.
   It provides partial protection from all sources of acid and corrosion.
Jewellery
 h - a +4 ring of protection (left branch)
 m - the amulet of Beodu (around neck) {Acrobat Stlth+}
   (You found it on level 4 of the Dungeon)

   [amulet of the acrobat]

   It helps you evade while moving and waiting.
   It makes you more stealthy.
 s - an uncursed ring of fire
 y - a ring of see invisible (right branch)
 C - an uncursed ring of magical power
 D - a +4 ring of slaying {unknown}
Wands
 r - a wand of flame (19)
 u - a wand of disintegration (9)
Scrolls
 f - 4 scrolls of remove curse
 k - 7 scrolls of teleportation {!r}
 o - 2 scrolls of immolation
 p - a scroll of summoning {unknown}
 t - a scroll of identify
 v - 2 scrolls of enchant weapon {unknown}
 w - 2 scrolls of fear
 A - 2 scrolls of magic mapping {unknown}
 F - a scroll of blinking {unknown}
Potions
 b - a potion of attraction
 c - a potion of brilliance {unknown}
 g - a potion of lignification
 i - 5 potions of curing
 j - 2 potions of invisibility {unknown}
 l - 3 potions of cancellation
 n - a potion of degeneration
 q - a potion of mutation {unknown}
 x - a potion of haste
 B - a potion of ambrosia {unknown}
 E - a potion of flight {unknown}
Miscellaneous
 e - a phantom mirror (inert)


   Skills:
 + Level 10.0 Fighting
 * Level 13.7 Axes
 - Level 2.0 Throwing
 + Level 9.7 Armour
 + Level 9.6 Dodging


You had 10 spell levels left.
You didn't know any spells.
Your spell library was empty.

Dungeon Overview and Level Annotations

Branches:
Dungeon (9/15)             Temple (0/1) D:4             Orc (0/2) D:9
Ossuary (visited)
   Lair: D:8-11

Altars:
Dithmenos
Nemelex Xobeh
Qazlal
Sif Muna
Vehumet
Wu Jian
Xom
Zin
The Shining One

Shops:
D:5 }


Innate Abilities, Weirdness & Mutations

((You reflexively headbutt those who attack you in melee.))
((You have a pair of large horns on your head.))
((You have sharp toenails.))
((You are partially covered in large bone plates. (SH +4)))
((You are partially covered in slimy green scales. (AC +2)))
Your mind is very acute. (Int +4)
You have an increased reservoir of magic. (+10% MP)
You passively map a small area around you.
You are robust. (+10% HP)
((You are resistant to electric shocks. (rElec)))
You are weak. (Str -2)
You expend magic power (3 MP) to strengthen your wands.
((Your movements are slightly less encumbered by armour. (ER -2)))


Message History

Unknown command.
Unknown command.
Unknown command.
Unknown command.
Unknown command.
Unknown command.
Unknown command.
Unknown command.
Unknown command.
Unknown command.
Evoke which item? (* to show all) (? for menu, Esc to quit)
Aiming: Disintegrate
Press: ? - help, Shift-Dir - straight line, f - centaur warrior
Aim: a centaur warrior, wielding a +0 longbow and quivering 11 arrows (chance to affect: 52%)
You feel a slight surge of power.
The centaur warrior resists with significant effort.
The boulder beetle leaps!
The centaur warrior shoots an arrow.
The arrow hits you!!
You die...
Xom cackles wildly!

......#........###.###..##..#....
#'''###.......##..#..##..#...#.(#
......#......##.#####.##.....#..#
.....##.....##.##[=!##.##....#...
......#.....#.##..°..##.#.)[.....
.([..##.#...#.#$..(.c?#.#........
.8.8..#.##(...#:=$⌠[○)#..........
#######.#...#.#}.†.B.?#.#........
............#.##♣....##.#....###.
............## ##.(.##.####.###..
#..).........##.##(##.###.....##.
..............##.....###..#.#(.##
............###.....###...#.##..#
...........##..#((####....#..#...
......!#..##.. ##., #.....#....#.
.........##.#, ,.. #..........#.
.........# * .##....(.....#.##.


You could see a boulder beetle (fleeing) and a centaur warrior.

Vanquished Creatures
  A boulder beetle (D:9)
  The ghost of HilariousDeathArtist the Grappler, a novice TrBr of Okawaru (D:9)
  The ghost of Shayle the Skirmisher, a novice PaNe (D:8)
  2 unseen horrors
  An ugly thing (D:7)
  A moth of wrath (D:8)
  A kobold demonologist (D:9)
  A hornet (D:8)
  Sigmund (D:5)
  5 wraiths
  2 wyverns
  4 yaks
  A naga (D:8)
  3 water moccasins
  An ice beast (D:8)
  An orc warrior (D:9)
  5 black bears
  2 sky beasts
  3 ogres
  4 centaurs
  2 elf zombies (Ossuary)
  18 big kobolds
  5 bullfrogs
  2 scorpions
  7 wights
  4 howler monkeys
  2 jellies
  2 human zombies (Ossuary)
  2 centaur zombies (Ossuary)
  A hound (D:5)
  A gnoll shaman (D:9)
  An orc priest (D:4)
  A bullfrog skeleton (D:6)
  2 worker ants
  2 iguanas
  4 orc wizards
  2 howler monkey zombies (D:6)
  2 mummies (Ossuary)
  8 gnolls
  8 adders
  3 white imps
  2 ufetubi
  4 adder skeletons
  An adder zombie (Ossuary)
  6 worms
  3 dart slugs (D:1)
  5 leopard geckos
  25 orcs
  3 giant cockroaches
  12 goblins
  10 hobgoblins
  11 jackals
  12 kobolds
  7 quokkas
  8 bats
  3 frilled lizards
  A goblin zombie (Ossuary)
  10 hobgoblin zombies (Ossuary)
  2 jackal zombies (Ossuary)
  10 kobold zombies (Ossuary)
  A leopard gecko skeleton (D:8)
  A leopard gecko zombie (D:6)
  7 orc zombies (Ossuary)
  9 rats
273 creatures vanquished.

Vanquished Creatures (collateral kills)
  An ice beast (D:9)
  A wight (D:9)
  2 worker ants (D:9)
  A gnoll (D:9)
5 creatures vanquished.

Vanquished Creatures (others)
  A bullfrog (D:7)
  A worm (D:3)
  A frilled lizard (D:3)
  8 plants (D:4)
11 creatures vanquished.

Grand Total: 289 creatures vanquished

Notes
Turn   | Place    | Note
-------+----------+-------------------------------------------
     0 | D:1      | sahdkjhfkaj the Minotaur Gladiator began the quest for the
                  | Orb.
     0 | D:1      | Reached XP level 1. HP: 18/18 MP: 0/0
    21 | D:1      | Reached XP level 2. HP: 7/25 MP: 1/1
   161 | D:1      | Reached skill level 4 in Axes
   517 | D:1      | Reached skill level 1 in Armour
   666 | D:1      | Reached XP level 3. HP: 11/30 MP: 2/2
  1703 | D:2      | Reached XP level 4. HP: 38/38 MP: 3/3
  2519 | D:2      | Found a faded altar of an unknown god.
  2535 | D:2      | Became a worshipper of Xom of Chaos
  2679 | D:3      | XOM: silly message
  2715 | D:3      | Reached skill level 5 in Axes
  2720 | D:3      | Reached XP level 5. HP: 11/45 MP: 4/4
  3004 | D:3      | Found a radiant altar of Vehumet.
  3376 | D:3      | XOM: give mutations
  3376 | D:3      | Gained mutation: You are robust. (+10% HP) [Xom's mischief]
  3376 | D:3      | Gained mutation: You are weak. (Str -2) [Xom's mischief]
  3376 | D:3      | Gained mutation: You are very weak. (Str -4) [Xom's
                  | mischief]
  3503 | D:3      | XOM: give mutations
  3503 | D:3      | Gained mutation: Your spells are a little easier to cast,
                  | but a little less powerful. [Xom's mischief]
  3503 | D:3      | Gained mutation: You have sharp toenails. [Xom's mischief]
  3889 | D:4      | XOM is BORED!
  3953 | D:4      | Found a sparkling altar of Nemelex Xobeh.
  4023 | D:4      | XOM: god gift: phantom mirror
  4077 | D:4      | XOM: summons 3 hostile demons
  4106 | D:4      | Found a sand-covered staircase.
  4121 | D:4      | XOM: enchant monster (good)
  4134 | D:4      | Got a warped zirconium amulet
  4146 | D:4      | Identified the amulet of Beodu {Acrobat Stlth+} (You found
                  | it on level 4 of the Dungeon)
  4148 | Ossuary  | Entered an ossuary
  4230 | Ossuary  | Reached XP level 6. HP: 57/57 MP: 5/5
  4341 | Ossuary  | XOM: divination: magic mapping
  4342 | Ossuary  | Reached skill level 6 in Axes
  4475 | Ossuary  | XOM: divination: detect items
  4476 | Ossuary  | XOM: divination: detect creatures
  4479 | Ossuary  | XOM: confuse monster(s)
  4493 | Ossuary  | Reached XP level 7. HP: 53/66 MP: 6/6
  4680 | D:4      | Found a staircase to the Ecumenical Temple.
  4821 | D:4      | Reached skill level 7 in Axes
  4821 | D:4      | Reached skill level 5 in Dodging
  4985 | D:4      | Found a shimmering altar of Xom.
  5136 | D:4      | XOM: give mutations
  5136 | D:4      | Gained mutation: You expend magic power (3 MP) to
                  | strengthen your wands. [Xom's grace]
  5136 | D:4      | Gained mutation: You have a pair of large horns on your
                  | head. [Xom's grace]
  5136 | D:4      | Gained mutation: You passively map a small area around you.
                  | [Xom's grace]
  5136 | D:4      | Gained mutation: You are resistant to electric shocks.
                  | (rElec) [Xom's grace]
  5196 | D:4      | Reached skill level 5 in Fighting
  5203 | D:4      | XOM: 3-stop teleportation journey
  5435 | D:5      | XOM: stealth player
  5435 | D:5      | Entered Level 5 of the Dungeon
  5496 | D:5      | Reached XP level 8. HP: 59/75 MP: 7/7
  5627 | D:5      | XOM: fog
  5632 | D:5      | Reached skill level 8 in Axes
  5714 | D:5      | Found Moomih's Gadget Emporium.
  5732 | D:5      | Noticed Sigmund
  5738 | D:5      | Killed Sigmund
  5739 | D:5      | Reached skill level 5 in Armour
  5755 | D:5      | XOM: 2-stop teleportation journey
  5778 | D:5      | Found a shadowy altar of Dithmenos.
  6122 | D:5      | XOM: give mutations
  6122 | D:5      | Gained mutation: Your movements are slightly less
                  | encumbered by armour. (ER -2) [Xom's grace]
  6122 | D:5      | Gained mutation: Your mind is acute. (Int +2) [Xom's grace]
  6122 | D:5      | Gained mutation: You are partially covered in slimy green
                  | scales. (AC +2) [Xom's grace]
  6404 | D:6      | XOM: scenery: 2 doors close
  6407 | D:6      | XOM: god gift: 19 arrows
  6428 | D:6      | XOM: smoke on damage
  6430 | D:6      | Reached skill level 9 in Axes
  6634 | D:6      | XOM: give mutation
  6634 | D:6      | Gained mutation: You are partially covered in large bone
                  | plates. (SH +4) [Xom's grace]
  6817 | D:6      | XOM: enchant monster (good)
  6822 | D:6      | Reached XP level 9. HP: 85/85 MP: 8/8
  6970 | D:7      | Got a spiked chain mail
  6980 | D:7      | Identified the +5 chain mail of the Realm of Zot {*Contam
                  | +Blink rCorr Int-5} (You found it on level 7 of the
                  | Dungeon)
  7032 | D:7      | Noticed a brown ugly thing
  7042 | D:7      | Killed a brown ugly thing
  7043 | D:7      | Reached skill level 10 in Axes
  7120 | D:7      | Killed an unseen horror
  7279 | D:7      | XOM: cloud trail
  7324 | D:7      | Reached skill level 11 in Axes
  7801 | D:7      | Found a glowing silver altar of Zin.
  7876 | D:8      | XOM: polymorph centaur -> naga
  7921 | D:8      | XOM: divination: detect creatures
  8004 | D:8      | XOM: cleaving
  8010 | D:8      | Reached XP level 10. HP: 96/96 MP: 9/9
  8196 | D:8      | XOM: god gift: 1145 gold pieces
  8197 | D:8      | XOM: 3-stop teleportation journey
  8312 | D:7      | XOM: divine lightning
  8401 | D:7      | Found an ornate altar of the Wu Jian Council.
  8403 | D:7      | Found a shadowy altar of Dithmenos.
  8405 | D:7      | Found a shimmering blue altar of Sif Muna.
  8405 | D:7      | Found a stormy altar of Qazlal.
  8624 | D:8      | Noticed a moth of wrath
  8624 | D:8      | Noticed Shayle's ghost (novice PaNe)
  8634 | D:8      | Found a transporter.
  8649 | D:8      | XOM is BORED!
  8686 | D:8      | Found a transporter.
  8763 | D:8      | XOM: give mutations
  8763 | D:8      | Gained mutation: Your mind is very acute. (Int +4) [Xom's
                  | grace]
  8763 | D:8      | Gained mutation: You have an increased reservoir of magic.
                  | (+10% MP) [Xom's grace]
  8763 | D:8      | Lost mutation: Your spells are a little easier to cast, but
                  | a little less powerful. [Xom's grace]
  8763 | D:8      | Lost mutation: You are very weak. (Str -4) [Xom's grace]
  8777 | D:8      | XOM: enchant monster (good)
  8783 | D:8      | Killed a moth of wrath
  8784 | D:8      | Reached skill level 12 in Axes
  8811 | D:8      | Killed Shayle's ghost
  9147 | D:9      | Found a runed translucent gate.
  9147 | D:9      | Found a runed translucent gate.
  9149 | D:9      | Found a runed translucent gate.
  9153 | D:9      | Noticed HilariousDeathArtist's ghost (novice TrBr)
  9170 | D:9      | Found a glowing golden altar of the Shining One.
  9308 | D:9      | XOM: silly message
  9337 | D:9      | Killed HilariousDeathArtist's ghost
  9547 | D:9      | XOM: 2-stop teleportation journey
  9552 | D:9      | Reached XP level 11. HP: 104/106 MP: 11/11
  9556 | D:9      | Reached skill level 13 in Axes
  9691 | D:9      | Found a staircase to the Orcish Mines.
  9714 | D:9      | XOM: divination: detect items
  9727 | D:9      | XOM: scenery: summon butterflies
  9744 | D:9      | XOM: summons 3 hostile shadow creatures
  9845 | D:9      | Noticed a cyan ugly thing
  9845 | D:9      | Noticed a boulder beetle
  9845 | D:9      | Noticed a boulder beetle
  9846 | D:9      | Noticed an unseen horror
  9846 | D:9      | Noticed a centaur warrior
  9852 | D:9      | XOM: divination: detect creatures
  9858 | D:9      | XOM: enchant monster (good)
  9859 | D:9      | Killed an unseen horror
  9869 | D:9      | Killed a boulder beetle
  9870 | D:9      | Reached skill level 10 in Fighting
  9870 | D:9      | Shot with an arrow by a centaur warrior

Illustrated notes

Levels and vault maps discovered:
D:1:      co_arrival_hall_of_pillars, layout_basic, minmay_misc_feat_room,
          minmay_misc_feat_five
D:2:      layout_loops_corners, chequers_ecumenical_altar_twisty,
          corexii_corridor_pit
D:3:      layout_basic, fiery_altar_vehumet, cheibrodos_sewer_entry_bend
D:4:      black_bear_nest_1, layout_basic, kennysheep_little_box,
          marbit_many_paths, minmay_temple_entry_junction_2, serial_bayou,
          serial_bayou_crossing, serial_bayou_pond_c, serial_bayou_lagoon_b,
          serial_bayou_pond_b, lightli_ossuary_entry_decrepit_ruins
D:5:      layout_basic, basic_altar, serial_shops, shop, uniq_sigmund
D:6:      layout_gridville, lightli_corner_chamber
D:7:      minmay_chambers_of_sixes, layout_cave_pods, zin_scriptorium,
          grunt_temple_overflow_open
D:8:      layout_gridville, gammafunk_ghost_berserking_beasts
D:9:      minmay_the_grid_octo_triangle [minmay_the_grid_octo_focus,
          minmay_the_grid_octo_prize_big_c,
          minmay_the_grid_octo_tetromino_candy], layout_cave_pools,
          tso_oasis_becter, special_room [special_room_kobold],
          gammafunk_ghost_spectres

Skill      XL: |  1  2  3  4  5  6  7  8  9 10 11 |
---------------+----------------------------------+-----
Axes           | 4 5 6 7 9 11 12 13 | 13.7
Armour         | 1 2 3 4 6 7 9 |  9.7
Fighting       | 3 4 5 6 8 9 10 | 10.0
Dodging        | 4 5 6 7 9 |  9.6
Throwing       | |  2.0

Action                   |  1- 3 |  4- 6 |  7- 9 | 10-12 || total
-------------------------+-------+-------+-------+-------++-------
Melee: War axe           |    59 |   189 |   211 |   207 ||   666
       Headbutt          |     6 |    27 |    34 |    35 ||   102
       Kick              |       |    21 |    59 |    66 ||   146
Evoke: Wand              |       |       |       |     4 ||     4
       Phantom mirror    |       |       |       |     1 ||     1
  Use: Scroll            |       |     4 |     3 |     5 ||    12
       Potion            |       |       |       |     3 ||     3
 Stab: Petrified         |       |     3 |       |       ||     3
       Confused          |       |     2 |       |       ||     2
       Sleeping          |       |     1 |     4 |       ||     5
       Paralysed         |       |       |     4 |       ||     4
Armor: Leather armour    |     5 |       |       |       ||     5
       Ring mail         |    11 |    67 |    37 |       ||   115
       Chain mail        |       |       |    51 |   106 ||   157
       Skin              |       |       |       |     1 ||     1
Dodge: Dodged            |    60 |   104 |   169 |   135 ||   468
Block: Other             |       |       |    12 |    41 ||    53

Table legend: (Time is in decaauts)
 A = Elapsed time spent in this place.
 B = Non-inter-level travel time spent in this place.
 C = Inter-level travel time spent in this place.
 D = Time resting spent in this place.
 E = Time spent auto-exploring this place.
 F = Levels seen in this place.
 G = Mean time per level.
                   A        B        C        D        E       F      G
               +--------+--------+--------+--------+--------+-----+--------+
         Total |   9954 |   9585 |    369 |    228 |   7744 |  10 |  995.4 |
       Dungeon |   9520 |   9151 |    369 |    138 |   7548 |   9 | 1057.8 |
       Ossuary |    433 |    433 |      0 |     90 |    196 |   1 |  433.0 |
               +--------+--------+--------+--------+--------+-----+--------+

Top non-repeatable levels by time:
     D:2: 1486 daAuts
     D:3: 1229 daAuts
     D:1: 1203 daAuts
     D:4: 1191 daAuts
     D:7: 1149 daAuts
     D:8: 922 daAuts
     D:9: 838 daAuts
     D:5: 755 daAuts
     D:6: 743 daAuts
 Ossuary: 433 daAuts
